 Dungeon Crawl Stone Soup version 0.30-a0-1157-g2cc9ac7196 (webtiles) character file.

Game seed: 10706050059842160697

501 cforsyth the Caller (level 6, -3/45 HPs)
             Began as a Demigod Summoner on Apr 24, 2023.
             Shot with an arrow by a centaur (15 damage)
             ... on level 5 of the Dungeon.
             The game lasted 00:07:17 (4811 turns).

cforsyth the Caller (Demigod Summoner)              Turns: 4811, Time: 00:07:18

Health: -3/45      AC:  2    Str:  9    XL:     6   Next: 63%
Magic:  10/16      EV: 12    Int: 25    God:
Gold:   263        SH:  0    Dex: 14    Spells: 5/14 levels left

rFire   . . .        (no weapon)
rCold   . . .        (no shield)
rNeg    . . .        a - +0 robe
rPois   .            (no helmet)
rElec   .            (no cloak)
rCorr   .            (no gloves)
SInv    .            (no boots)
Will    .....        (no amulet)
Stlth   ++           (no ring)
HPRegen 0.27/turn    (no ring)
MPRegen 0.15/turn

%: no passive effects
@: no status effects
A: high MP 1, forlorn, divine attributes
a: no special abilities


You were on level 5 of the Dungeon.
You visited 1 branch of the dungeon, and saw 5 of its levels.

You collected 263 gold pieces.

Inventory:

Armour
 a - a +0 robe (worn)
Jewellery
 l - a ring of resist corrosion
Scrolls
 e - a scroll of teleportation
 f - a scroll of brand weapon {unknown}
 i - a scroll of vulnerability {unknown}
 j - a scroll of blinking {unknown}
 m - a scroll of poison
 q - a scroll of magic mapping {unknown}
 s - a scroll of fog {unknown}
 t - a scroll of enchant weapon {unknown}
 v - a scroll of fear {unknown}
 w - a scroll of amnesia
 y - a scroll of noise {unknown}
Potions
 b - a potion of magic
 g - a potion of cancellation {unknown}
 h - a potion of resistance {unknown}
 k - 2 potions of flight {unknown}
 n - 2 potions of invisibility
 o - 3 potions of might
 p - a potion of ambrosia {unknown}
 r - 2 potions of berserk rage {unknown}
 u - 2 potions of brilliance {unknown}
 x - a potion of attraction {unknown}


   Skills:
 - Level 1.7 Dodging
 - Level 1.7 Stealth
 + Level 4.6 Spellcasting
 + Level 6.0 Summonings


You had 5 spell levels left.
You knew the following spells:

 Your Spells              Type           Power      Damage    Failure   Level
a - Summon Small Mammal   Summ           100%       N/A       1%          1
b - Call Imp              Summ           70%        N/A       1%          2
c - Call Canine Familiar  Summ           35%        N/A       2%          3
d - Summon Guardian Gole  Hex/Summ       20%        N/A       8%          3

Your spell library contained the following spells:

 Spells                   Type           Power      Damage    Failure   Level
 Summon Lightning Spire   Summ/Air       20%        N/A       26%         4
 Passage of Golubria      Tloc           5%         N/A       65%         4
 Silence                  Hex/Air        2%         N/A       94%         5
 Lehudib's Crystal Spear  Conj/Erth      2%         10d2      100%        8


Dungeon Overview and Level Annotations

Branches:
Dungeon (5/15)
 Temple: D:4-7

Shops:
D:3 (


Innate Abilities, Weirdness & Mutations

You have an increased reservoir of magic. (+10% MP)
You shall have no god before yourself.
Your divine heritage dramatically boosts your attributes as you level up.


Message History

You hit the centaur but do no damage. The centaur misses you.
The centaur barely misses you.
The centaur hits you but does no damage.
The centaur closely misses you.
You hit the centaur but do no damage. The centaur closely misses you.
The centaur barely misses you.
You closely miss the centaur. The centaur hits you.
The centaur kicks you but does no damage.
The centaur hits you. The centaur closely misses you.
You swap places.
Your hound closely misses the centaur.
The centaur closely misses your hound. The centaur kicks your hound.
Your hound bites the centaur.
The centaur wields a +0 shortbow.
The centaur shoots an arrow.
The arrow barely misses your hound. The arrow hits you!
Your hound bites the centaur.
The centaur shoots an arrow.
The arrow completely misses your hound. The arrow barely misses you.
Your hound bites the centaur.
The centaur shoots an arrow.
The arrow hits your hound!
Your hound closely misses the centaur.
The centaur shoots an arrow.
The arrow misses your hound. The arrow hits you.
Your hound bites the centaur but does no damage.
The centaur unwields a +0 shortbow.
The centaur hits your hound. The centaur kicks your hound.
Your hound bites the centaur.
The centaur hits your hound. The centaur kicks your hound.
Your hound bites the centaur.
The centaur barely misses your hound. The centaur kicks your hound.
Your hound bites the centaur.
The centaur wields a +0 shortbow.
The centaur shoots an arrow.
The arrow hits your hound.
Your hound dies!
Your hound's corpse disappears in a puff of smoke!
The centaur shoots an arrow.
The arrow hits you.
Casting: Call Canine Familiar (dangerous; 2% risk of failure)
Confirm with . or Enter, or press ? or * to list all spells.
A tiny devil pulls itself out of the air.
The centaur shoots an arrow.
The arrow hits you!
* * * LOW HITPOINT WARNING * * *
Casting: Call Imp (safe; 1% risk of failure)
Confirm with . or Enter, or press ? or * to list all spells.
The centaur shoots an arrow.
The arrow hits you!
You die...

####.###.#
..##.....#
#.##.#####
#.##.#######.
#.##.........
#.##.########
#c##.# #.##.#
#@.h.#
.......5####
###.#####


You could see a centaur (ally target), a friendly hound (summoned) and a
friendly cerulean imp (summoned).

Vanquished Creatures
  A bat (D:1)
  A giant cockroach (D:1)
  5 goblins (D:1)
  A kobold (D:1)
  A quokka (D:1)
  2 frilled lizards (D:1)
  3 rats (D:1)
14 creatures vanquished.

Vanquished Creatures (collateral kills)
  A phantom (D:4)
  A jelly (D:4)
  A scorpion (D:4)
  A hound (D:4)
  2 orc wizards (D:4)
  4 adders
  3 gnolls
  An ufetubus (D:4)
  A dart slug (D:2)
  4 orcs
  7 ball pythons
  5 bats
  7 endoplasms
  2 giant cockroaches
  6 goblins
  6 hobgoblins
  3 jackals (D:2)
  2 quokkas
  A frilled lizard (D:1)
  5 kobolds
  2 rats (D:1)
65 creatures vanquished.

Vanquished Creatures (others)
  An ogre (D:4)
1 creature vanquished.

Grand Total: 80 creatures vanquished

Notes
Turn   | Place    | Note
-------+----------+-------------------------------------------
     0 | D:1      | cforsyth the Demigod Summoner began the quest for the Orb.
     0 | D:1      | Reached XP level 1. HP: 14/14 MP: 5/5
   466 | D:1      | Reached XP level 2. HP: 15/20 MP: 4/7
   561 | D:1      | Learned a level 2 spell: Call Imp
   618 | D:1      | Reached skill level 4 in Summonings
  1284 | D:1      | Reached XP level 3. HP: 26/26 MP: 4/9
  2497 | D:2      | Learned a level 3 spell: Call Canine Familiar
  2499 | D:3      | Found Ejyarph's Weapon Shop.
  2641 | D:3      | Reached XP level 4. HP: 27/33 MP: 4/11
  3352 | D:4      | Reached skill level 5 in Summonings
  3352 | D:4      | Reached XP level 5. HP: 35/38 MP: 5/13
  3356 | D:4      | Learned a level 3 spell: Summon Guardian Golem
  3711 | D:4      | Noticed an ogre
  3715 | D:4      | Killed an ogre
  3801 | D:4      | Reached XP level 6. HP: 45/45 MP: 5/15
  3820 | D:4      | HP: 2/45 [poisoned by an orc wizard]
  4415 | D:4      | Reached skill level 6 in Summonings
  4598 | D:5      | Entered Level 5 of the Dungeon
  4811 | D:5      | Shot with an arrow by a centaur

Illustrated notes

Levels and vault maps discovered:
D:1:      matt_arrival_grand_opening, layout_loops_ring,
          shapermc_ecumenical_altar_pompeii
D:2:      layout_loops_ring
D:3:      layout_rooms, serial_shops, shop
D:4:      layout_gridville, serial_glass, glass_columns_b, glass_columns_a
D:5:      layout_loops_corners, mainiacjoe_overflow_catwalk,
          cheibrodos_ashenzari_chains, lemuel_tele_altar,
          minmay_temple_entry_overgrown, serial_shops, shop

Skill      XL: |  1  2  3  4  5  6 |
---------------+-------------------+-----
Spellcasting   | 2 3 4 |  4.6
Summonings     | 4 5 6 |  6.0
Dodging        | |  1.7
Stealth        | |  1.7

Action                     |  1- 3 |  4- 6 || total
---------------------------+-------+-------++-------
  Melee: Unarmed           |    71 |    22 ||    93
         Punch             |     2 |       ||     2
   Cast: Summon Small Mamm |    67 |    23 ||    90
         Call Imp          |    21 |    15 ||    36
         Call Canine Famil |     2 |    13 ||    15
         Summon Guardian G |       |     2 ||     2
    Use: Scroll            |       |     6 ||     6
   Stab: Sleeping          |     1 |       ||     1
         Distracted        |     2 |       ||     2
 Armour: Robe              |    18 |     7 ||    25
  Dodge: Dodged            |    51 |    39 ||    90

Table legend: (Time is in decaauts)
 A = Elapsed time spent in this place.
 B = Non-inter-level travel time spent in this place.
 C = Inter-level travel time spent in this place.
 D = Time resting spent in this place.
 E = Time spent auto-exploring this place.
 F = Levels seen in this place.
 G = Mean time per level.
                   A        B        C        D        E       F      G
               +--------+--------+--------+--------+--------+-----+--------+
         Total |   4811 |   4658 |    153 |    268 |   3523 |   5 |  962.2 |
       Dungeon |   4811 |   4658 |    153 |    268 |   3523 |   5 |  962.2 |
               +--------+--------+--------+--------+--------+-----+--------+

Top non-repeatable levels by time:
     D:4: 1521 daAuts
     D:1: 1369 daAuts
     D:2: 1119 daAuts
     D:3: 604 daAuts
     D:5: 196 daAuts
